 Dungeon Crawl Stone Soup version 0.29.0-4-gdea44cf6ec (webtiles) character file.

Game seed: 13748253666324749586

1275 qw the Cleaver (level 8, -2/70 HPs)
             Began as a Minotaur Fighter on Sept 5, 2022.
             Killed from afar by a steam dragon (19 damage)
             ... with a ball of steam
             ... on level 6 of the Dungeon.
             The game lasted 00:01:59 (4193 turns).

qw the Cleaver (Minotaur Fighter)                   Turns: 4193, Time: 00:02:00

Health: -2/70      AC: 14    Str: 24    XL:     8   Next: 28%
Magic:  7/7        EV: 10    Int:  5    God:
Gold:   301        SH:  3    Dex:  5    Spells: 7/7 levels left

rFire   . . .      SeeInvis +   Y - +0 war axe
rCold   + . .      Faith    .   c - +0 buckler
rNeg    + . .      Spirit   .   q - +0 plate armour
rPois   .          Reflect  .   (helmet restricted)
rElec   .          Harm     .   (no cloak)
rCorr   .          Rampage  .   (no gloves)
Will    .....                   i - +2 pair of boots "Tantidax" {+Blink rN+ Dex-4 SInv}
Stlth   ..........              (no amulet)
HPRegen 0.21/turn               m - +4 ring of evasion
MPRegen 0.10/turn               n - ring of protection from cold

@: about to teleport
A: horns 2, retaliatory headbutt
a: Evoke Blink


You were on level 6 of the Dungeon.
You visited 1 branch of the dungeon, and saw 6 of its levels.

You collected 301 gold pieces.


Innate Abilities, Weirdness & Mutations

You have a pair of horns on your head.
You reflexively headbutt those who attack you in melee.


   Skills:
 - Level 6.0 Fighting
 + Level 10.5 Axes
 - Level 2.0 Throwing
 - Level 4.0 Armour
 - Level 1.8 Dodging
 - Level 3.6 Shields


You had 7 spell levels left.
You didn't know any spells.
Your spell library was empty.

Inventory:

Hand Weapons
 a - a +0 flail
 Y - a +0 war axe (weapon)
Missiles
 k - 2 javelins (quivered)
Armour
 c - a +0 buckler (worn)
 i - the +2 pair of boots "Tantidax" (worn) {+Blink rN+ Dex-4 SInv}
   (You acquired it on level 3 of the Dungeon)

   Dex:       It affects your dexterity (-4).
   rN:        It protects you from negative energy.
   SInv:      It lets you see invisible.
   +Blink:    It lets you blink.
 q - a +0 plate armour (worn)
Jewellery
 m - a +4 ring of evasion (left hand)
 n - a ring of protection from cold (right hand)
 s - a ring of positive energy
Scrolls
 b - a scroll of teleportation
 e - a scroll of identify
Potions
 d - a potion of might
 f - a potion of resistance
 g - 2 potions of flight {unknown}
 h - a potion of mutation
 j - 3 potions of curing
 o - a potion of brilliance {unknown}

Dungeon Overview and Level Annotations

Branches:
Dungeon (6/15)
 Temple: D:4-7

Altars:
Makhleb

Annotations:
D:3 2 transporters, qw's ghost, amateur OgEn


Message History

Your surroundings suddenly seem different.
A steam dragon comes into view.
Found a scroll of teleportation.
The steam dragon hisses angrily.
The steam dragon breathes steam at you. The ball of steam hits you.
You hit the steam dragon but do no damage.
You are engulfed in a cloud of scalding steam.
The steam dragon bites you but does no damage.
The steam dragon closely misses you.
You hit the steam dragon but do no damage.
Your headbutt misses the steam dragon.
You are engulfed in a cloud of scalding steam.
The steam dragon closely misses you.
The steam dragon claws you but does no damage.
You closely miss the steam dragon. You headbutt the steam dragon!
The steam dragon is moderately wounded.
You are engulfed in a cloud of scalding steam.
You block the steam dragon's attack. x2
You slash the steam dragon!
The steam dragon is severely wounded.
The steam dragon bites you. The steam dragon misses you.
4190 ||| READING 2 scrolls of teleportation.
As you read the scroll of teleportation, it crumbles to dust.
You feel strangely unstable.
The steam dragon bites you but does no damage.
The steam dragon claws you but does no damage.
You hit the steam dragon.
The steam dragon is severely wounded.
The steam dragon barely misses you. You furiously retaliate!
You headbutt the steam dragon.
The steam dragon claws you but does no damage.
You barely miss the steam dragon.
The steam dragon is almost dead.
The steam dragon closely misses you. x2
You closely miss the steam dragon.
The steam dragon is almost dead.
The steam dragon breathes steam at you. The ball of steam hits you!!
You die...

###....
.....
.....
....
#..#
####..##
#......#
#....@.#
#....D.#
#......#
########


You could see a steam dragon (catching breath).

Vanquished Creatures
  An ogre (D:4)
  A phantom (D:4)
  2 scorpions
  A necrophage (D:4)
  6 killer bees (D:6)
  A howler monkey (D:5)
  2 hounds
  2 jellies (D:6)
  4 orc priests
  A gnoll bouda (D:5)
  4 iguanas
  3 orc wizards
  2 adders
  7 gnolls (D:5)
  An ufetubus (D:4)
  A worm (D:4)
  4 dart slugs
  12 orcs
  8 ball pythons
  3 endoplasms
  5 giant cockroaches
  6 goblins
  6 hobgoblins
  6 jackals
  3 quokkas
  3 bats
  3 frilled lizards
  3 kobolds
  6 rats
107 creatures vanquished.

Vanquished Creatures (others)
  A plant (D:4)
1 creature vanquished.

Grand Total: 108 creatures vanquished

Notes
Turn   | Place    | Note
-------+----------+-------------------------------------------
     0 | D:1      | qw the Minotaur Fighter began the quest for the Orb.
     0 | D:1      | Reached XP level 1. HP: 19/19 MP: 0/0
     0 | D:1      | 0 ||| qw: Version: 0.1-a-104-g96f76f8
     0 | D:1      | 0 ||| qw: Game counter: 5875
     0 | D:1      | 0 ||| qw: Always use a shield: true
     0 | D:1      | 0 ||| qw: God list: Ru
     0 | D:1      | 0 ||| qw: Allow faded altars: false
     0 | D:1      | 0 ||| qw: Do Orc after D:15 true
     0 | D:1      | 0 ||| qw: Do second Lair branch before Depths: true
     0 | D:1      | 0 ||| qw: Lair rune preference: random
     0 | D:1      | 0 ||| qw: Plans: Normal
     0 | D:1      | 0 ||| PLANNING D:1-11
    46 | D:1      | 46 ||| Stepping ~*~*~tactically~*~*~ (stealth).
    56 | D:1      | Reached skill level 3 in Axes
    75 | D:1      | 75 ||| Stepping ~*~*~tactically~*~*~ (stealth).
    79 | D:1      | Reached XP level 2. HP: 20/26 MP: 1/1
    95 | D:1      | 95 ||| Stepping ~*~*~tactically~*~*~ (stealth).
   118 | D:1      | 118 ||| Stepping ~*~*~tactically~*~*~ (stealth).
   355 | D:1      | Reached skill level 4 in Axes
   526 | D:1      | 526 ||| Stepping ~*~*~tactically~*~*~ (stealth).
   528 | D:1      | 528 ||| Stepping ~*~*~tactically~*~*~ (hiding).
   530 | D:1      | 530 ||| Stepping ~*~*~tactically~*~*~ (hiding).
   604 | D:1      | 604 ||| READING scroll labelled CEFIWN PYTAUSCHE.
   605 | D:1      | 605 ||| READING scroll labelled UTOIKK JUSH.
   645 | D:2      | 645 ||| Stepping ~*~*~tactically~*~*~ (stealth).
   654 | D:2      | Reached XP level 3. HP: 28/31 MP: 2/2
  1028 | D:2      | 1028 ||| Stepping ~*~*~tactically~*~*~ (stealth).
  1031 | D:2      | 1031 ||| Stepping ~*~*~tactically~*~*~ (hiding).
  1185 | D:2      | Found a faded altar of an unknown god.
  1254 | D:2      | 1254 ||| Stepping ~*~*~tactically~*~*~ (stealth).
  1263 | D:2      | 1263 ||| DROPPING +0 club.
  1279 | D:2      | 1279 ||| Stepping ~*~*~tactically~*~*~ (hiding).
  1280 | D:2      | 1280 ||| Stepping ~*~*~tactically~*~*~ (hiding).
  1377 | D:2      | 1377 ||| Stepping ~*~*~tactically~*~*~ (stealth).
  1386 | D:2      | Reached skill level 5 in Axes
  1551 | D:2      | 1551 ||| UPGRADING to +0 chain mail.
  1561 | D:2      | 1561 ||| DROPPING +0 scale mail.
  1562 | D:2      | 1562 ||| READING scroll labelled JUZUTARCHU.
  1563 | D:2      | 1563 ||| READING 2 scrolls labelled VYW PEICKAQAWO.
  1564 | D:2      | 1564 ||| READING scroll labelled PODO ORHEO.
  1565 | D:2      | 1565 ||| DRINKING 2 murky brown potions.
  1566 | D:2      | 1566 ||| DROPPING scroll of amnesia.
  1567 | D:2      | 1567 ||| READING scroll of teleportation.
  1610 | D:3      | 1610 ||| Stepping ~*~*~tactically~*~*~ (stealth).
  1618 | D:3      | 1618 ||| Stepping ~*~*~tactically~*~*~ (stealth).
  1622 | D:3      | 1622 ||| Stepping ~*~*~tactically~*~*~ (hiding).
  1626 | D:3      | 1626 ||| Stepping ~*~*~tactically~*~*~ (hiding).
  1629 | D:3      | Reached XP level 4. HP: 39/39 MP: 3/3
  1634 | D:3      | HP: 7/39 [orc priest/+0 hand axe (5)]
  1636 | D:3      | Reached skill level 6 in Axes
  1912 | D:3      | Reached skill level 1 in Dodging
  1912 | D:3      | Reached XP level 5. HP: 43/45 MP: 4/4
  1924 | D:3      | 1924 ||| DROPPING +0 whip.
  2051 | D:3      | Noticed a steam dragon
  2053 | D:3      | Noticed qw's ghost (amateur OgEn)
  2085 | D:3      | Found a transporter.
  2088 | D:3      | Found a transporter.
  2132 | D:3      | Found a burning altar of Makhleb.
  2460 | D:3      | 2460 ||| READING scroll labelled PAZAIST PILYA.
  2460 | D:3      | Identified a scroll of acquirement
  2460 | D:3      | 2460 ||| ACQUIRING +2 pair of boots "Tantidax" {+Blink rN+
                  | Dex-4 SInv}
  2460 | D:3      | Acquired the +2 pair of boots "Tantidax" {+Blink rN+ Dex-4
                  | SInv}
  2462 | D:3      | 2462 ||| UPGRADING to +2 pair of boots "Tantidax" {+Blink
                  | rN+ Dex-4 SInv}.
  2467 | D:3      | 2467 ||| READING 2 scrolls of identify.
  2467 | D:3      | 2467 ||| IDENTIFYING viscous grey potion
  2530 | D:4      | 2530 ||| Stepping ~*~*~tactically~*~*~ (stealth).
  2534 | D:4      | 2534 ||| Stepping ~*~*~tactically~*~*~ (hiding).
  2560 | D:4      | 2560 ||| Stepping ~*~*~tactically~*~*~ (stealth).
  2617 | D:4      | 2617 ||| Stepping ~*~*~tactically~*~*~ (hiding).
  2662 | D:4      | Reached skill level 7 in Axes
  2694 | D:4      | Noticed a phantom
  2702 | D:4      | Killed a phantom
  2703 | D:4      | Reached XP level 6. HP: 48/53 MP: 5/5
  2802 | D:4      | 2802 ||| READING scroll of acquirement.
  2802 | D:4      | 2802 ||| ACQUIRING +4 ring of evasion
  2802 | D:4      | Acquired a +4 ring of evasion
  2804 | D:4      | 2804 ||| UPGRADING to +4 ring of evasion.
  2833 | D:4      | Reached skill level 8 in Axes
  3219 | D:4      | 3219 ||| READING scroll labelled NIW JAUQAVODWOHUTA.
  3220 | D:4      | 3220 ||| READING 4 scrolls of identify.
  3220 | D:4      | 3220 ||| IDENTIFYING lumpy coppery potion
  3221 | D:4      | 3221 ||| READING 3 scrolls of identify.
  3221 | D:4      | 3221 ||| IDENTIFYING blue potion
  3222 | D:4      | 3222 ||| READING 2 scrolls of identify.
  3222 | D:4      | 3222 ||| IDENTIFYING bubbling black potion
  3223 | D:4      | 3223 ||| DROPPING potion of degeneration.
  3224 | D:4      | 3224 ||| DROPPING potion of berserk rage.
  3249 | D:5      | Entered Level 5 of the Dungeon
  3275 | D:5      | Reached skill level 1 in Throwing
  3337 | D:5      | Reached XP level 7. HP: 60/60 MP: 6/6
  3361 | D:5      | 3361 ||| DROPPING +1 whip of electrocution.
  3548 | D:5      | Reached skill level 9 in Axes
  3817 | D:5      | 3817 ||| UPGRADING to +0 plate armour.
  3827 | D:5      | 3827 ||| DROPPING +0 chain mail.
  3828 | D:5      | 3828 ||| UPGRADING to ring of protection from cold.
  3829 | D:5      | 3829 ||| READING scroll labelled JEINLU JESHRE.
  3830 | D:5      | 3830 ||| READING scroll labelled EJUP HYGIJYOPU.
  3831 | D:5      | 3831 ||| DRINKING 2 grey potions.
  3868 | D:6      | 3868 ||| FLEEEEING.
  3869 | D:6      | 3869 ||| FLEEEEING.
  3870 | D:6      | 3870 ||| FLEEEEING.
  3871 | D:6      | 3871 ||| STAIRDANCE
  3930 | D:6      | 3930 ||| STAIRDANCE
  3936 | D:6      | 3936 ||| STAIRDANCE
  4036 | D:6      | 4036 ||| Stepping ~*~*~tactically~*~*~ (stealth).
  4049 | D:6      | Reached skill level 10 in Axes
  4106 | D:6      | Reached XP level 8. HP: 68/68 MP: 7/7
  4117 | D:6      | Reached skill level 6 in Fighting
  4124 | D:6      | HP: 15/70 [killer bee (5)]
  4129 | D:6      | HP: 11/70 [poisoned by a killer bee]
  4177 | D:6      | 4177 ||| FLEEEEING.
  4178 | D:6      | 4178 ||| FLEEEEING.
  4179 | D:6      | 4179 ||| FLEEEEING.
  4180 | D:6      | HP: 12/70 [iguana (9)]
  4181 | D:6      | 4181 ||| READING 3 scrolls of teleportation.
  4182 | D:6      | 4182 ||| DRINKING potion of heal wounds.
  4189 | D:6      | HP: 16/70 [steam dragon (4)]
  4190 | D:6      | 4190 ||| READING 2 scrolls of teleportation.
  4193 | D:6      | Killed from afar by a steam dragon

Levels and vault maps discovered:
D:1:      dpeg_arrival_radiant, layout_rooms
D:2:      layout_basic, hellmonk_ecumenical_altar_defaced_shrine, minivault_11
D:3:      layout_loops_ring, lightli_temple_of_fire, gammafunk_ghost_arena,
          minmay_misc_feat_columns
D:4:      layout_cave_pools, serial_forest, infiniplex_forest_clump_small,
          infiniplex_forest_corner_1, infiniplex_forest_corner_1,
          infiniplex_forest_straight_2, infiniplex_forest_lined_4_way,
          infiniplex_forest_clump_curved, infiniplex_forest_lined_room_3,
          infiniplex_forest_end_1
D:5:      layout_rooms
D:6:      layout_gridville, minmay_temple_entry_overgrown

Skill      XL: |  1  2  3  4  5  6  7  8 |
---------------+-------------------------+-----
Axes           | 3 4 5 6 7 8 10 | 10.5
Dodging        | 1 |  1.8
Fighting       | 4 5 6 |  6.0
Throwing       | 1 2 |  2.0
Armour         | 4 |  4.0
Shields        | |  3.6

Action                   |  1- 3 |  4- 6 |  7- 9 || total
-------------------------+-------+-------+-------++-------
Melee: War axe           |    78 |    84 |    83 ||   245
       Headbutt          |     6 |    17 |     8 ||    31
Throw: Javelin           |       |     2 |    10 ||    12
  Use: Scroll            |     6 |     7 |     4 ||    17
       Potion            |     1 |       |     2 ||     3
Armor: Scale mail        |    28 |       |       ||    28
       Chain mail        |     2 |    31 |    10 ||    43
       Plate armour      |       |       |    41 ||    41
Dodge: Dodged            |    21 |    29 |    74 ||   124
Block: Buckler           |    14 |    11 |    22 ||    47

Table legend:
 A = Non-vault XP
 B = Vault XP
 C = Vault XP percentage of total XP
 D = Non-vault monster count
 E = Vault monster count
 F = Vault count percentage of total count
                 A         B        C        D         E       F
            +---------+---------+-------+---------+---------+-------
      Total |    1810 |      12 |   0.7 |     103 |       4 |   3.7
            +---------+---------+-------+---------+---------+-------
        D:1 |      36 |       0 |   0.0 |      22 |       0 |   0.0
        D:2 |      38 |      12 |  24.0 |      15 |       4 |  21.1
        D:3 |     155 |       0 |   0.0 |      17 |       0 |   0.0
        D:4 |     424 |       0 |   0.0 |      15 |       0 |   0.0
        D:5 |     478 |       0 |   0.0 |      17 |       0 |   0.0
        D:6 |     679 |       0 |   0.0 |      17 |       0 |   0.0
            +---------+---------+-------+---------+---------+-------
